 Dungeon Crawl Stone Soup version 0.32-a0-986-ga09f62fbf4 (webtiles) character file.

Game seed: 14032318117913863610

126 protoss039 the Digger (level 4, 0/34 HPs)
             Began as a Demonspawn Earth Elementalist on Apr 21, 2024.
             Killed from afar by an orc wizard (13 damage)
             ... with a puff of flame
             ... on level 4 of the Dungeon.
             The game lasted 00:04:25 (3304 turns).

protoss039 the Digger (DsEE)                        Turns: 3304, Time: 00:04:26

Health: 0/34       AC:  3    Str:  9    XL:     4   Next: 84%
Magic:  5/8        EV: 11    Int: 17    God:
Gold:   148        SH:  5    Dex: 13    Spells: 2/9 levels left

rFire   . . .        (no weapon)
rCold   . . .        (no shield)
rNeg    + . .        a - +0 robe
rPois   .            (no helmet)
rElec   .            (no cloak)
rCorr   .            (no gloves)
SInv    .            o - +0 pair of boots
Will    +....        g - amulet of reflection
Stlth   ++           i - ring of positive energy
HPRegen 0.25/turn    (no ring)
MPRegen 0.22/turn

%: reflection
@: mighty, enlightened, flying (expiring)
A: claws 2, magic regeneration
a: no special abilities


You were on level 4 of the Dungeon.
You visited 1 branch of the dungeon, and saw 4 of its levels.

You collected 148 gold pieces.

Inventory:

Hand Weapons
 d - a +0 mace
Missiles
 h - a throwing net
Armour
 a - a +0 robe (worn)
 o - a +0 pair of boots (worn)
Jewellery
 g - an amulet of reflection (around neck)
 i - a ring of positive energy (left claw)
Wands
 l - a wand of quicksilver (10)
 p - a wand of mindburst (14)
 w - a wand of flame (3)
Scrolls
 e - 2 scrolls of teleportation {unknown}
 f - a scroll of identify {unknown}
 j - a scroll of amnesia {unknown}
 m - 2 scrolls of silence {unknown}
 s - a scroll of enchant weapon {unknown}
 t - a scroll of vulnerability {unknown}
 u - 3 scrolls of fear {unknown}
Potions
 c - a potion of invisibility {unknown}
 k - 4 potions of might
 n - a potion of attraction {unknown}
 q - a potion of degeneration {unknown}
 r - a potion of enlightenment
 v - a potion of lignification {unknown}


   Skills:
 + Level 2.5 Fighting
 - Level 1.7 Dodging
 - Level 1.7 Stealth
 + Level 3.1 Spellcasting
 - Level 1.0 Conjurations
 + Level 3.6 Earth Magic


You had 2 spell levels left.
You knew the following spells:

 Your Spells              Type           Power      Damage    Failure   Level
a - Sandblast             Erth           30%        2d9       3%          1
b - Passwall              Erth           15%        N/A       12%         3
c - Stone Arrow           Conj/Erth      20%        3d8       21%         3

Your spell library contained the following spells:

 Spells                   Type           Power      Damage    Failure   Level
 Sting                    Conj/Alch      16%        1d4       14%         1
 Apportation              Tloc           4%         N/A       17%         1
 Necrotise                Necr           8%         1d4       17%         1
 Summon Small Mammal      Summ           8%         N/A       17%         1
 Brom's Barrelling Bould  Conj/Erth      10%        2d3       54%         4
 Petrify                  Alch/Erth      8%         N/A       63%         4


Dungeon Overview and Level Annotations

Branches:
Dungeon (4/15) Zot: 20666  Temple (0/1) D:4

Altars:
Gozag
Trog

Shops:
D:1 =

Annotations:
D:4 Eustachio


Innate Abilities, Weirdness & Mutations

You have very sharp fingernails.
You regenerate magic rapidly.


Message History

Items here: $ ) [ †.
Unknown command.
You scratch the dart slug.
The dart slug is severely wounded.
An orc comes into view. It is wielding a +0 dagger.
The dart slug misses you.
Unknown command.
The orc shouts!
You claw the dart slug!
You kill the dart slug!
Unknown command.
An orc comes into view. It is wielding a +0 hand axe.
Unknown command.
The orc wizard hits you with a +0 hand axe.
You block the orc's attack.
An orc comes into view. It is wielding a +0 whip.
Unknown command.
The orc shouts! x2
You claw the orc!
You kill the orc!
The orc wizard casts a spell at you. The puff of flame hits you.
Unknown command.
You claw the orc!
You kill the orc!
You are starting to lose your buoyancy.
The orc wizard hits you with a +0 hand axe.
Eustachio the Magnificent comes into view.
He is wielding a +0 rapier.
Unknown command.
You scratch the orc wizard.
The orc wizard is heavily wounded.
The orc wizard hits you with a +0 hand axe.
Eustachio mumbles some strange words.
Eustachio blinks!
The orc misses you.
Unknown command.
You barely miss the orc wizard.
The orc wizard is heavily wounded.
The orc wizard gestures at you while chanting.
The puff of flame hits you!
You die...

......# .##........
.####...##......#..#.#
..#.##....†)......##.#
........)..# #....#..#
..##)....## #..# ...##
#.##.))...###..##.....
#.##...##.)....)..#
#......##.#).$.o).##...
##..###.#####...@o.....§
#..## ...# ###...#..###
...# #.## ##### ## ..##
..# ...# ## .......
#.#.... ###..... ....#


You could see an orc wizard and an orc.

Vanquished Creatures
  An orc wizard (D:4)
  2 adders
  A gnoll (D:1)
  3 dart slugs
  A ribbon worm (D:2)
  6 orcs (D:4)
  4 ball pythons
  An endoplasm (D:4)
  A giant cockroach (D:4)
  6 goblins
  8 hobgoblins
  4 jackals (D:3)
  8 bats
  A frilled lizard (D:1)
  7 kobolds
  4 rats
58 creatures vanquished.

Notes
Turn   | Place    | Note
-------+----------+-------------------------------------------
     0 | D:1      | protoss039 the Demonspawn Earth Elementalist began the
                  | quest for the Orb.
     0 | D:1      | Reached XP level 1. HP: 13/13 MP: 3/3
    56 | D:1      | Found Yhefeilorr's Jewellery Emporium.
   169 | D:1      | Gained mutation: You have sharp fingernails. [demonic
                  | ancestry]
   169 | D:1      | Reached XP level 2. HP: 4/20 MP: 1/5
   318 | D:1      | Reached skill level 1 in Fighting
   476 | D:1      | Gained mutation: You have very sharp fingernails. [demonic
                  | ancestry]
   476 | D:1      | Reached XP level 3. HP: 26/26 MP: 4/6
   686 | D:1      | Learned a level 3 spell: Passwall
  1015 | D:1      | Learned a level 3 spell: Stone Arrow
  1170 | D:2      | Found a bloodstained altar of Trog.
  2315 | D:3      | Found an opulent altar of Gozag.
  2512 | D:3      | Found a faded altar of an unknown god.
  3002 | D:3      | Gained mutation: You regenerate magic rapidly. [demonic
                  | ancestry]
  3002 | D:3      | Reached XP level 4. HP: 33/33 MP: 5/8
  3084 | D:4      | Noticed an ogre
  3120 | D:4      | Found a staircase to the Ecumenical Temple.
  3302 | D:4      | Noticed Eustachio
  3304 | D:4      | Killed from afar by an orc wizard

Illustrated notes

Levels and vault maps discovered:
D:1:      dpeg_arrival_morbid_curiosity, layout_loops_ring, serial_shops,
          nicolae_lakefront_shop
D:2:      layout_basic, basic_altar
D:3:      layout_loops_corners, mainiacjoe_overflow_alcove_1,
          hellmonk_ecumenical_altar_zigzags
D:4:      dreamdust_elfheim, layout_cave_pools, lemuel_coloured_pillars_altar,
          temple_pool_b, uniq_eustachio

Skill      XL: |  1  2  3  4 |
---------------+-------------+-----
Fighting       | 1 2 |  2.5
Earth Magic    | 3 |  3.6
Spellcasting   | 3 |  3.1
Dodging        | |  1.7
Stealth        | |  1.7
Conjurations   | |  1.0

Action                     |  1- 3 |  4- 6 || total
---------------------------+-------+-------++-------
  Melee: Mace              |     6 |       ||     6
         Unarmed           |    75 |    15 ||    90
   Cast: Sandblast         |    33 |    23 ||    56
    Use: Potion            |     1 |     3 ||     4
   Stab: Sleeping          |     6 |       ||     6
 Armour: Robe              |    55 |    25 ||    80
  Dodge: Dodged            |    50 |    15 ||    65
  Block: Other             |     5 |    10 ||    15

Table legend: (Time is in decaauts)
 A = Elapsed time spent in this place.
 B = Non-inter-level travel time spent in this place.
 C = Inter-level travel time spent in this place.
 D = Time resting spent in this place.
 E = Time spent auto-exploring this place.
 F = Levels seen in this place.
 G = Mean time per level.
                   A        B        C        D        E       F      G
               +--------+--------+--------+--------+--------+-----+--------+
         Total |   3332 |   3220 |    112 |      5 |   2651 |   4 |  833.0 |
       Dungeon |   3332 |   3220 |    112 |      5 |   2651 |   4 |  833.0 |
               +--------+--------+--------+--------+--------+-----+--------+

Top non-repeatable levels by time:
     D:2: 1094 daAuts
     D:1: 1026 daAuts
     D:3: 1006 daAuts
     D:4: 204 daAuts
